Map: Acropolis LE

Players

Saiko - Winner!

  • Race: Protoss Protoss
  • Spawn Location: 11:00

DarK

  • Race: Zerg Zerg
  • League: Master
  • Spawn Location: 5:00

Event: NationWars 2019

VOD

Have the link to the VOD?

Description

Time

  • Played on: Oct. 1, 2019, 10:41 a.m.
  • Length: 18:03
Show
View Real Time Build Order
Export as new Build Order

Saiko Protoss - Winner!

Build Orders: 1 Gate Expand, Archon Immortal 

Get SALT Encoding   

  12  0:01  Probe  
  13  0:13  Probe  
  14  0:19  Pylon  
  14  0:25  Probe  
  15  0:37  Probe (Chrono Boost)  
  15  0:38  Gateway  
  16  0:46  Probe (Chrono Boost)  
  16  0:47  Assimilator  
  17  0:52  Probe  
  18  1:04  Probe  
  19  1:16  Probe  
  20  1:25  Nexus  
  20  1:35  Cybernetics Core  
  20  1:37  Probe  
  21  1:43  Assimilator  
  21  1:49  Probe  
  21  1:54  Pylon  
  22  2:02  Probe  
  23  2:09  Adept (Chrono Boost)  
  23  2:14  Probe  
  26  2:17  Twilight Council  
  26  2:19  Warp Gate  
  26  2:26  Probe  
  27  2:30  Pylon  
  27  2:36  Adept (Chrono Boost)  
  29  2:38  Probe  
  30  2:52  Probe  
  30  2:53  Probe  
  32  2:59  Adept (Chrono Boost)  
  32  3:04  Resonating Glaives  
  34  3:10  Gateway  
  34  3:21  Shield Battery  
  34  3:26  Adept (Chrono Boost)  
  34  3:34  Probe x2  
  34  3:50  Adept (Chrono Boost)  
  36  4:03  Shield Battery  
  36  4:06  Gateway  
  36  4:08  Probe x2 (Chrono Boost)  
  36  4:09  Gateway  
  38  4:16  Robotics Facility  
  39  4:17  Probe (Chrono Boost)  
  39  4:21  Probe (Chrono Boost)  
  40  4:25  Pylon, Probe  
  40  4:31  Probe  
  42  4:32  Adept x2  
  46  4:39  Pylon  
  46  4:43  Probe x2  
  48  4:47  Pylon  
  48  4:55  Probe x2 (Chrono Boost)  
  48  4:58  Adept  
  51  5:05  Observer  
  54  5:07  Probe x2 (Chrono Boost), Sentry x2  
  54  5:12  Probe x2 (Chrono Boost)  
  60  5:19  Nexus  
  60  5:24  Probe  
  61  5:30  Probe  
  62  5:36  Probe  
  62  5:41  Immortal (Chrono Boost)  
  57  5:43  Probe  
  57  5:46  Assimilator  
  57  5:47  Sentry  
  57  5:48  Assimilator, Robotics Facility  
  58  5:54  Probe  
  59  5:58  Pylon  
  59  6:03  Shield Battery  
  59  6:07  Sentry  
  59  6:10  Observer, Immortal (Chrono Boost)  
  65  6:11  Probe x2  
  67  6:18  Shield Battery  
  67  6:20  Shield Battery  
  67  6:23  Probe x2  
  69  6:37  Sentry  
  69  6:38  Zealot  
  69  6:39  Zealot  
  75  6:40  Immortal (Chrono Boost)  
  75  6:48  Immortal (Chrono Boost)  
  70  6:55  Probe x2  
  70  6:57  Probe  
  67  7:04  Dark Shrine, Sentry  
  67  7:07  Probe x2  
  71  7:09  Probe  
  71  7:15  Forge  
  72  7:17  Charge (Chrono Boost)  
  72  7:22  Probe x2 (Chrono Boost), Immortal  
  78  7:24  Probe (Chrono Boost)  
  79  7:33  Warp Prism  
  79  7:34  Probe (Chrono Boost)  
  79  7:35  Probe x2 (Chrono Boost)  
  84  7:39  Probe (Chrono Boost)  
  84  7:41  Pylon  
  84  7:43  Probe x2  
  87  7:48  Protoss Ground Weapons Level 1 (Chrono Boost), Observer  
  88  7:55  Gateway x2  
  88  7:57  Gateway  
  88  8:04  Gateway  
  87  8:06  Observer, Gateway  
  87  8:14  Zealot x3  
  87  8:16  Immortal  
  97  8:22  Pylon  
  97  8:23  Pylon  
  97  8:27  Warp Prism  
  97  8:32  Assimilator  
  97  8:33  Templar Archives  
  99  8:34  Assimilator  
  99  8:36  Probe x2  
  99  8:40  Probe  
  102  8:44  Pylon  
  102  8:45  Pylon  
  102  8:47  Pylon  
  102  8:49  Dark Templar x2  
  102  8:53  Probe  
  102  8:54  Probe  
  108  8:57  Observer  
  109  9:06  Nexus  
  109  9:08  Psionic Storm  
  109  9:16  Probe x3  
  112  9:19  High Templar x2  
  112  9:23  Zealot x3  
  114  9:28  Probe x2  
  114  9:39  High Templar  
  114  9:40  High Templar  
  114  9:41  Zealot  
  120  9:45  Archon x2  
  120  9:47  Immortal (Chrono Boost), Zealot x2  
  120  9:48  Zealot  
  118  9:54  Immortal (Chrono Boost)  
  116  10:06  High Templar x2, Zealot  
  97  10:17  Immortal (Chrono Boost)  
  97  10:20  Zealot x3  
  105  10:27  Archon  
  101  10:29  Zealot  
  101  10:30  Zealot  
  103  10:44  Zealot x3  
  99  10:56  High Templar x2, Immortal (Chrono Boost)  
  103  10:59  Pylon  
  103  11:03  Pylon  
  107  11:06  Archon  
  107  11:08  Zealot x3  
  113  11:14  Immortal (Chrono Boost)  
  117  11:22  Photon Cannon  
  117  11:25  Immortal (Chrono Boost)  
  121  11:27  Cybernetics Core  
  121  11:30  Probe x3  
  121  11:31  Probe  
  125  11:35  Robotics Bay  
  125  11:36  High Templar x2  
  129  11:42  Probe  
  129  11:43  Zealot  
  132  11:47  Pylon  
  132  11:50  Pylon  
  132  11:52  Protoss Ground Weapons Level 2 (Chrono Boost), Archon  
  132  11:58  Pylon  
  134  12:11  Dark Templar, Zealot x4  
  134  12:12  Immortal (Chrono Boost)  
  144  12:17  Shield Battery  
  144  12:21  Zealot  
  150  12:24  Disruptor (Chrono Boost)  
  147  12:32  Probe  
  147  12:33  Probe x3  
  147  12:37  Assimilator  
  151  12:38  Gateway  
  151  12:39  Assimilator  
  151  12:40  Gateway  
  151  12:41  Disruptor (Chrono Boost)  
  150  12:48  High Templar  
  150  12:51  Warp Prism (Chrono Boost)  
  149  12:57  Zealot  
  149  12:58  Zealot x3  
  156  13:16  Gateway  
  156  13:17  Gateway  
  156  13:20  Pylon  
  156  13:22  Pylon  
  156  13:24  Pylon  
  156  13:25  Pylon  
  156  13:37  Disruptor x2 (Chrono Boost)  
  156  13:39  Zealot x4  
  157  13:46  Zealot x3  
  143  14:02  Disruptor x2 (Chrono Boost)  
  123  14:08  Zealot  
  123  14:09  Zealot x4  
  134  14:10  Zealot  
  118  14:26  Gateway  
  118  14:28  Gateway  
  118  14:29  Disruptor  
  118  14:30  Observer  
  91  14:40  Probe x3  
  91  14:42  High Templar x2, Zealot x2  
  91  14:43  Zealot x3  
  104  14:50  Archon  
  104  14:52  Probe  
  94  15:05  Colossus  
  94  15:11  Immortal  
  94  15:12  Zealot  
  94  15:13  Zealot x4  
  94  15:14  Nexus  
  106  15:16  Observer  
  106  15:23  High Templar  
  106  15:24  High Templar  
  110  15:32  Archon  
  110  15:34  Dark Templar, Zealot  
  114  15:41  Probe x2  
  114  15:51  Immortal (Chrono Boost)  
  114  15:53  Probe x2  
  117  15:59  Immortal (Chrono Boost)  
  116  16:08  Zealot x3  
  122  16:25  Disruptor (Chrono Boost)  
  122  16:29  Disruptor (Chrono Boost)  
  128  16:37  Pylon  
  128  16:39  Probe  
  118  16:50  Zealot x3  
  118  16:51  Zealot  
  120  16:57  Assimilator  
  120  16:59  Assimilator  
  120  17:07  Observer x2  
  122  17:14  Pylon  
  122  17:19  Observer  
  122  17:20  Zealot x4  
  118  17:46  Zealot x4  
Show
View Real Time Build Order
Export as new Build Order

DarK Zerg 

Build Orders: Hatch First, Lurkers 

Get SALT Encoding   

  12  0:01  Drone  
  13  0:12  Overlord  
  13  0:17  Drone  
  14  0:31  Drone x2  
  14  0:34  Drone  
  17  0:51  Hatchery  
  17  0:56  Drone, Extractor  
  16  1:10  Spawning Pool  
  15  1:12  Drone  
  15  1:16  Drone  
  17  1:20  Drone  
  18  1:32  Drone  
  19  1:40  Overlord  
  19  1:57  Queen  
  19  2:00  Metabolic Boost  
  21  2:03  Zergling x4  
  21  2:04  Zergling x2  
  21  2:08  Queen  
  26  2:18  Zergling x4  
  28  2:29  Overlord  
  28  2:42  Drone  
  28  2:43  Drone x2  
  30  2:54  Hatchery  
  29  3:01  Zergling x8  
  33  3:12  Drone x4  
  37  3:13  Drone  
  38  3:20  Overlord  
  38  3:23  Drone x2  
  40  3:28  Drone  
  40  3:30  Drone  
  40  3:31  Drone  
  43  3:34  Drone  
  44  3:43  Overlord  
  44  3:46  Drone  
  44  3:53  Drone x3  
  46  3:58  Lair  
  46  4:00  Drone, Extractor  
  45  4:03  Roach Warren, Drone  
  45  4:06  Queen  
  46  4:14  Drone x5  
  51  4:17  Drone  
  51  4:19  Drone  
  53  4:28  Drone  
  53  4:29  Extractor  
  53  4:37  Overlord  
  53  4:38  Overlord  
  53  4:48  Drone x2  
  53  4:49  Drone x2  
  57  4:53  Overlord  
  57  4:54  Overlord  
  57  4:56  Roach x3, Glial Reconstitution  
  63  5:06  Zergling x2, Roach  
  63  5:07  Zergling x2, Roach x2  
  71  5:09  Spine Crawler  
  71  5:11  Roach x3  
  76  5:14  Overseer  
  75  5:25  Queen  
  77  5:33  Overlord x2  
  71  5:46  Roach x6  
  71  5:47  Roach x4  
  91  5:51  Evolution Chamber  
  90  6:06  Drone x5  
  90  6:08  Extractor  
  90  6:09  Drone  
  95  6:17  Zerg Missile Weapons Level 1  
  95  6:18  Drone x2  
  97  6:19  Hydralisk Den  
  97  6:21  Extractor  
  95  6:25  Drone  
  95  6:26  Drone x6  
  95  6:28  Extractor  
  86  6:57  Drone  
  86  6:58  Drone x8  
  86  6:59  Drone  
  92  7:04  Lurker Den  
  91  7:16  Overlord x4  
  91  7:21  Spine Crawler  
  90  7:28  Zergling x2, Hatchery  
  90  7:32  Roach  
  90  7:33  Roach x3  
  98  7:37  Queen  
  100  7:46  Hydralisk x7  
  100  7:48  Overseer  
  114  8:04  Overlord x2  
  114  8:05  Overlord x2  
  114  8:13  Queen  
  114  8:17  Hydralisk  
  114  8:18  Hydralisk  
  114  8:19  Hydralisk  
  122  8:23  Roach  
  122  8:24  Zergling x4, Roach x3  
  132  8:36  Lurker x3  
  132  8:37  Lurker x4  
  132  8:40  Spine Crawler  
  138  8:42  Spine Crawler  
  138  8:44  Spine Crawler  
  138  8:45  Spine Crawler x2, Drone  
  138  8:48  Lurker x3  
  137  8:49  Zergling x2  
  137  8:50  Zergling x24  
  150  9:01  Overseer  
  135  9:18  Spine Crawler  
  135  9:21  Drone  
  135  9:22  Drone x12  
  132  9:33  Overseer  
  121  9:58  Roach x10  
  121  9:59  Roach x3  
  132  10:04  Hydralisk x2  
  132  10:05  Hydralisk x2  
  132  10:06  Grooved Spines  
  122  10:19  Ravager  
  122  10:20  Hydralisk x3  
  127  10:30  Overseer  
  127  10:34  Spine Crawler  
  126  10:41  Zerg Missile Weapons Level 2  
  124  10:43  Drone x5  
  124  10:44  Drone  
  104  10:58  Lurker x5  
  104  10:59  Lurker x2  
  111  11:18  Roach  
  111  11:19  Roach x4  
  111  11:20  Zergling x6, Roach x3  
  111  11:21  Roach x2  
  134  11:33  Drone  
  134  11:34  Drone x7  
  142  11:40  Spine Crawler  
  139  11:56  Muscular Augments  
  139  12:03  Drone x4  
  139  12:04  Drone x2  
  145  12:13  Hydralisk x4  
  145  12:14  Hydralisk x6  
  161  12:31  Hydralisk x2  
  161  12:32  Hydralisk x5  
  173  12:48  Drone x3  
  173  12:50  Overlord x4  
  176  12:57  Extractor  
  175  13:07  Hatchery  
  175  13:11  Drone x6  
  180  13:19  Hydralisk x5  
  182  13:20  Hydralisk x3  
  179  13:45  Hydralisk x3  
  179  13:46  Roach x3  
  180  14:01  Hydralisk x3  
  180  14:02  Roach x3, Hydralisk x2  
  149  14:19  Hydralisk  
  149  14:20  Roach x3, Hydralisk x6  
  149  14:22  Roach  
  165  14:58  Hatchery  
  165  14:59  Spine Crawler  
  138  15:01  Spore Crawler, Hydralisk x6  
  138  15:02  Spine Crawler  
  145  15:21  Hydralisk x4  
  145  15:22  Roach x2  
  145  15:28  Lurker x7  
  148  16:11  Drone x7  
  137  16:12  Drone x9  
  152  16:30  Extractor  
  147  16:35  Extractor  
  141  16:40  Spine Crawler x2  
  141  16:41  Spore Crawler  
  141  16:42  Hatchery  
  98  16:49  Hydralisk  
  98  16:50  Hydralisk x7  
  84  16:54  Hydralisk  
  85  17:10  Lurker x3  
  85  17:11  Lurker x2  
  90  17:22  Roach x2  
  96  17:23  Roach  
  96  17:28  Roach x2  
  96  17:29  Roach x3  
  86  17:34  Roach x2  
Tags
 
Add a new tag
Caveats
  • Supply blocks, unpowered buildings, or Contaminate may cause inaccurate times.
  • Supply counts are checked every 10 seconds.